 Dungeon Crawl Stone Soup version 0.21.1-1-g345015f (webtiles) character file.

533 Kairos the Shield-Bearer (level 7, -8/55 HPs)
             Began as a Formicid Fighter on Mar 17, 2018.
             Killed by nerve-wracking pain
             ... invoked by 1994's ghost
              (10 damage)
             ... on level 5 of the Dungeon.
             The game lasted 00:08:50 (4560 turns).

Kairos the Shield-Bearer (Formicid Fighter)         Turns: 4560, Time: 00:08:51

Health: -8/55      AC:  9    Str: 22    XL:     7   Next: 49%
Magic:  7/7        EV:  7    Int:  8    God:
Gold:   224        SH: 10    Dex: 10    Spells: 6/6 levels left

rFire    . . .     SeeInvis +   j - +0 halberd (protect)
rCold    . . .     Gourm    .   c - +0 shield
rNeg     . . .     Faith    .   h - +0 chain mail
rPois    .         Spirit   .   (helmet unavailable)
rElec    .         Reflect  .   (no cloak)
rCorr    .         Harm     .   (no gloves)
MR       .....                  (no boots)
Stlth    ..........             (no amulet)
HPRegen  0.18/turn              (no ring)
MPRegen  0.10/turn              (no ring)

@: lethally poisoned (-8 -> -14)
A: permanent stasis, dig shafts and tunnels, four strong arms, antennae 3
a: Dig, Shaft Self


You were on level 5 of the Dungeon.
You were not hungry.

You visited 1 branch of the dungeon, and saw 5 of its levels.

You collected 224 gold pieces.

Inventory:

Hand Weapons
 a - a +1 quarterstaff
 j - a +0 halberd of protection (weapon)
Armour
 c - a +0 shield (worn)
 h - a +0 chain mail (worn)
Wands
 b - a wand of flame (9)
Scrolls
 g - a scroll of fear
 n - a scroll of amnesia {unknown}
 p - 2 scrolls of magic mapping {unknown}
 t - 2 scrolls of remove curse {unknown}
Potions
 d - 2 potions of might
 e - a potion of flight
 i - a potion of magic {unknown}
 k - 2 potions of lignification
 q - a potion of curing {unknown}
 s - a potion of heal wounds {unknown}
Books
 m - a book of Changes

   Spells                             Type                      Level
   a - Beastly Appendage              Transmutation                1
   b - Sticks to Snakes               Transmutation                2
   c - Spider Form                    Transmutation/Poison         3
   d - Ice Form                       Ice/Transmutation            4
   e - Blade Hands                    Transmutation                5
 o - a book of Maledictions

   Spells                             Type                      Level
   a - Corona                         Hexes                        1
   b - Ensorcelled Hibernation        Hexes/Ice                    2
   c - Confuse                        Hexes                        3
   d - Tukima's Dance                 Hexes                        3
   e - Dazzling Spray                 Conjuration/Hexes            3
 v - a book of Spatial Translocations

   Spells                             Type                      Level
   a - Blink                          Translocation                2
   b - Shroud of Golubria             Charms/Translocation         2
   c - Lesser Beckoning               Translocation                3
   d - Gell's Gravitas                Translocation                3
   e - Teleport Other                 Translocation                3
   f - Passage of Golubria            Translocation                4
Comestibles
 f - 11 rations


   Skills:
 + Level 4.5 Fighting
 + Level 1.6(3.6) Polearms
 + Level 5.1(5.2) Staves
 + Level 4.5 Armour
 + Level 0.8 Dodging
 + Level 0.5 Stealth
 + Level 5.2 Shields


You had 6 spell levels left.
You didn't know any spells.

Dungeon Overview and Level Annotations

Branches:
Dungeon (5/15)
 Temple: D:4-7

Altars:
Ru
Vehumet

Annotations:
D:5 1994's ghost, amateur DsNe


Innate Abilities, Weirdness & Mutations

You cannot be hasted, slowed, berserked, paralysed or teleported.
You can dig through walls and to a lower floor.
Your four strong arms can wield two-handed weapons with a shield.
You have a pair of large antennae on your head. (SInv)


Message History

You are too injured to fight recklessly!
You are too injured to fight recklessly!
You miss the leopard gecko.
* * * LOW HITPOINT WARNING * * *
You feel sick.
The leopard gecko bites you but does no damage.
You block the scorpion's attack. The leopard gecko barely misses you.
The scorpion stings you but does no damage.
You closely miss the leopard gecko.
* * * LOW HITPOINT WARNING * * *
You feel sick.
You block the leopard gecko's attack. 1994's ghost hits you.
* * * LOW HITPOINT WARNING * * *
The scorpion closely misses you. You block the leopard gecko's attack.
Your shield and chain mail prevent you from hitting the leopard gecko.
* * * LOW HITPOINT WARNING * * *
You feel sick. You block 1994's ghost's attack. The scorpion barely misses you.
The leopard gecko bites you but does no damage. 1994's ghost gestures at you while chanting.
Pain shoots through your body!
You die...

#......#......#
#......#......#
#......#......#
#......#..(...
#......#....# #
#..?..l....####.##.
#.....#............
#....#@#...........
#...#Wls#..<.......
#.....#.########
#.≈≈≈.#.# #≈...≈#.#
#≈._.≈#.# #≈...≈#.#
#.≈≈≈.#.# #.....#.#


You could see a scorpion, 1994's ghost and a leopard gecko.

Vanquished Creatures
  The ghost of feelmyfire the Ruffian, an amateur DrTm of Makhleb (D:3)
  A hound (D:4)
  A gnoll shaman (D:4)
  An orc wizard (D:4)
  7 worker ants (D:4)
  3 gnolls
  6 adders
  5 worms
  2 dart slugs (D:2)
  4 leopard geckos
  6 orcs
  3 giant cockroaches
  6 goblins
  9 hobgoblins
  10 jackals
  3 quokkas
  12 bats
  5 frilled lizards
  7 kobolds
  2 rats
94 creatures vanquished.

Notes
Turn   | Place    | Note
-------+----------+-------------------------------------------
     0 | D:1      | Kairos the Formicid Fighter began the quest for the Orb.
     0 | D:1      | Reached XP level 1. HP: 18/18 MP: 1/1
   287 | D:1      | Reached XP level 2. HP: 24/24 MP: 2/2
   903 | D:2      | Reached XP level 3. HP: 9/29 MP: 3/3
  1409 | D:2      | Reached XP level 4. HP: 36/37 MP: 4/4
  2245 | D:3      | Reached XP level 5. HP: 42/42 MP: 5/5
  2270 | D:3      | Noticed feelmyfire's ghost (amateur DrTm)
  2297 | D:3      | HP: 2/42 [feelmyfire's ghost (2)]
  2298 | D:3      | Killed feelmyfire's ghost
  2695 | D:3      | Reached XP level 6. HP: 47/48 MP: 6/6
  3102 | D:4      | Found a radiant altar of Vehumet.
  3946 | D:4      | Reached skill level 5 in Staves
  3946 | D:4      | Reached XP level 7. HP: 45/54 MP: 7/7
  3972 | D:4      | Reached skill level 5 in Shields
  4181 | D:4      | Reached skill level 1 in Polearms
  4430 | D:4      | Found a sacrificial altar of Ru.
  4541 | D:5      | Entered Level 5 of the Dungeon
  4542 | D:5      | Found a sacrificial altar of Ru.
  4542 | D:5      | Noticed 1994's ghost (amateur DsNe)
  4560 | D:5      | HP: 2/55 [poisoned by a scorpion]
  4560 | D:5      | Killed from afar by 1994's ghost

Skill      XL: |  1  2  3  4  5  6  7 |
---------------+----------------------+-----
Shields        | 4 5 |  5.2
Staves         | 3 4 5 |  5.1
Armour         | 4 |  4.5
Fighting       | 4 |  4.5
Polearms       | 1 |  1.6
Dodging        | |  0.8
Stealth        | |  0.5

Action                   |  1- 3 |  4- 6 |  7- 9 || total
-------------------------+-------+-------+-------++-------
Melee: Quarterstaff      |    81 |   200 |       ||   281
       Halberd           |       |    31 |   102 ||   133
  Use: Scroll            |       |     8 |     1 ||     9
  Eat: Chunk             |     1 |     8 |     3 ||    12
Armor: Scale mail        |    39 |    14 |       ||    53
       Chain mail        |       |    67 |    87 ||   154
Dodge: Dodged            |    32 |    83 |    39 ||   154
Block: Shield            |    42 |   113 |    61 ||   216
